 Dungeon Crawl Stone Soup version 0.27-a0-1147-gb3d8e82157 (webtiles) character file.

Game seed: 9482034263219570184

117 DarkShadow the Covered (level 4, -4/40 HPs)
             Began as a Minotaur Fighter on May 8, 2021.
             Slain by a hornet (13 damage)
             ... on level 4 of the Dungeon on May 12, 2021.
             The game lasted 00:07:43 (3283 turns).

DarkShadow the Covered (Minotaur Fighter)           Turns: 3283, Time: 00:07:44

Health: -4/40      AC: 11    Str: 22    XL:     4   Next: 71%
Magic:  3/3        EV:  6    Int:  5    God:
Gold:   110        SH:  9    Dex:  9    Spells: 3/3 levels left

rFire    . . .     SeeInvis .   a - +2 long sword
rCold    . . .     Faith    .   c - +0 kite shield
rNeg     . . .     Spirit   .   n - +0 chain mail
rPois    .         Reflect  .   (helmet restricted)
rElec    .         Harm     .   (no cloak)
rCorr    .         Rampage  .   g - +0 pair of gloves
Will     .....                  (no boots)
Stlth    ..........             (no amulet)
HPRegen  0.13/turn              (no ring)
MPRegen  0.08/turn              (no ring)

@: slowed, very slow
A: horns 2, retaliatory headbutt
a: no special abilities


You were on level 4 of the Dungeon.
You visited 1 branch of the dungeon, and saw 4 of its levels.

You collected 110 gold pieces.

Inventory:

Hand Weapons
 a - a +2 long sword (weapon)
Armour
 b - a +0 scale mail
 c - a +0 kite shield (worn)
 g - a +0 pair of gloves (worn)
 n - a +0 chain mail (worn)
Jewellery
 h - a ring of wizardry
 i - an amulet of magic regeneration
 l - a ring of magical power
Scrolls
 f - a scroll of blinking
 k - a scroll of fog
Potions
 d - a potion of might
 e - a potion of attraction
 j - a potion of mutation {unknown}
 m - 2 potions of resistance


   Skills:
 + Level 4.2 Fighting
 + Level 3.6 Long Blades
 + Level 4.9 Armour
 + Level 4.5 Shields


You had 3 spell levels left.
You didn't know any spells.
Your spell library contained the following spells:

 Spells                   Type           Power      Damage    Failure   Level
 Animate Skeleton         Necr           0%         N/A       100%        1
 Apportation              Tloc           0%         N/A       100%        1
 Beastly Appendage        Tmut           0%         N/A       100%        1
 Corona                   Hex            0%         N/A       100%        1
 Freeze                   Ice            0%         1d3       100%        1
 Summon Small Mammal      Summ           0%         N/A       100%        1
 Wereblood                Tmut           0%         N/A       100%        2
 Frozen Ramparts          Ice            0%         1d2       100%        3
 Ozocubu's Armour         Ice            0%         N/A       100%        3
 Spider Form              Tmut/Pois      0%         N/A       100%        3
 Hailstorm                Conj/Ice       0%         3d3       100%        4
 Ice Form                 Ice/Tmut       0%         N/A       100%        4
 Hydra Form               Tmut           0%         N/A       100%        5
 Metabolic Englaciation   Hex/Ice        0%         N/A       100%        5


Dungeon Overview and Level Annotations

Branches:
Dungeon (4/15)
 Temple: D:4-7

Altars:
Dithmenos
Sif Muna


Innate Abilities, Weirdness & Mutations

You have a pair of horns on your head.
You reflexively headbutt those who attack you in melee.


Message History

Found a scroll of identify.
You closely miss the hound. The hound bites you. x2
The hornet stings you but does no damage.
You barely miss the hornet. You headbutt the hornet.
The hornet is lightly wounded.
You block the hound's attack. The hornet barely misses you.
You riposte.
You slash the hornet! Your headbutt misses the hornet.
The hornet is moderately wounded.
You block the hound's attack. You block the hornet's attack.
You hit the hornet.
The hornet is heavily wounded.
The hound bites you.
The hornet stings you but does no damage.
The hound bites you but does no damage. You block the hornet's attack.
You miss the hornet. Your headbutt misses the hornet.
The hornet is heavily wounded.
You block the hound's attack. The hornet barely misses you.
You block the hound's attack. The hornet stings you.
You feel yourself slow down.
You barely miss the hornet. Your headbutt misses the hornet.
The hornet is heavily wounded.
You feel yourself speed up. The hound bites you.
The hornet stings you but does no damage.
The hound barely misses you.
You riposte.
You slash the hound!
The hound is severely wounded.
The hornet stings you.
You feel yourself slow down. You block the hound's attack.
The hornet stings you.
You feel as though you will be slow longer.
The hound bites you but does no damage.
You miss the hound.
You headbutt the hound, but do no damage.
The hound is severely wounded.
The hornet stings you!
* * * LOW HITPOINT WARNING * * *
You feel as though you will be slow longer.
The hound bites you but does no damage.
The hornet stings you but does no damage.
The hound bites you but does no damage. The hornet stings you!
You die...

#............#####.....
#.###.#.###..#####.....
#........##..##........
#.##..#..##..##.##.....
##........##..##.<......
#................#.#####
#>.#####...........#
#..#####.########.#.
#.....†@h# #.##.
#.######y...... #. #. #.
#....... #. ## #.
#....... #. #. #.......
#. #. ...?.?. #. .......
#. .......


You could see a hornet and a hound.

Vanquished Creatures
  Robin (D:2)
  3 adders
  A worm (D:2)
  A dart slug (D:1)
  3 orcs (D:3)
  6 ball pythons
  4 endoplasms
  A giant cockroach (D:3)
  12 goblins
  6 hobgoblins
  6 jackals (D:2)
  6 kobolds
  A quokka (D:3)
  5 bats
  4 frilled lizards
  7 rats
67 creatures vanquished.

Vanquished Creatures (others)
  2 fungi (D:2)
  3 plants (D:2)
5 creatures vanquished.

Grand Total: 72 creatures vanquished

Notes
Turn   | Place    | Note
-------+----------+-------------------------------------------
     0 | D:1      | DarkShadow the Minotaur Fighter began the quest for the
                  | Orb.
     0 | D:1      | Reached XP level 1. HP: 19/19 MP: 0/0
    50 | D:1      | Upgraded the game from 0.27-a0-1139-g28e009f8a6 to
                  | 0.27-a0-1147-gb3d8e82157
   122 | D:1      | Reached XP level 2. HP: 27/27 MP: 1/1
   963 | D:2      | Reached XP level 3. HP: 9/33 MP: 2/2
   997 | D:2      | HP: 1/33 [frozen (5)]
  1856 | D:2      | Found a shimmering blue altar of Sif Muna.
  1995 | D:2      | Found a faded altar of an unknown god.
  2116 | D:2      | Noticed Robin
  2222 | D:2      | Killed Robin
  2223 | D:2      | Reached XP level 4. HP: 10/40 MP: 3/3
  3055 | D:3      | Found a shadowy altar of Dithmenos.
  3275 | D:4      | Noticed a hornet
  3283 | D:4      | Slain by a hornet

Illustrated notes

Levels and vault maps discovered:
D:1:      dpeg_arrival_windows_large_door, layout_basic
D:2:      layout_loops_cross, basic_altar,
          shapermc_ecumenical_altar_mp_urbaneastern,
          minmay_misc_feat_secret_circle, uniq_robin
D:3:      layout_basic, lemuel_doored_altar
D:4:      layout_loops_cross, marbit_many_paths, jmf_multi_god_temple

Skill      XL: |  1  2 |
---------------+-------+-----
Armour         | 4 |  4.9
Fighting       | 4 |  4.2
Shields        | 4 |  4.5
Long Blades    | 3 |  3.6

Action                   |  1- 3 |  4- 6 || total
-------------------------+-------+-------++-------
Melee: Long sword        |   120 |    51 ||   171
       Headbutt          |    19 |    10 ||    29
  Use: Scroll            |     3 |     6 ||     9
Armor: Scale mail        |    59 |    16 ||    75
       Chain mail        |       |     9 ||     9
Dodge: Dodged            |    40 |    19 ||    59
Block: Kite shield       |    68 |    34 ||   102
       Rpst.: Long sword |     8 |     5 ||    13

Table legend: (Time is in decaauts)
 A = Elapsed time spent in this place.
 B = Non-inter-level travel time spent in this place.
 C = Inter-level travel time spent in this place.
 D = Time resting spent in this place.
 E = Time spent auto-exploring this place.
 F = Levels seen in this place.
 G = Mean time per level.
                   A        B        C        D        E       F      G
               +--------+--------+--------+--------+--------+-----+--------+
         Total |   3368 |   3337 |     31 |    807 |   1916 |   4 |  842.0 |
       Dungeon |   3368 |   3337 |     31 |    807 |   1916 |   4 |  842.0 |
               +--------+--------+--------+--------+--------+-----+--------+

Top non-repeatable levels by time:
     D:2: 1413 daAuts
     D:3: 1074 daAuts
     D:1: 824 daAuts
     D:4: 56 daAuts
